 Dungeon Crawl Stone Soup version 0.25.0-33-gff14898491 (webtiles) character file.

Game seed: 9622590681754142287

872 Ijustatesigmund the Chopper (level 8, -3/57 HPs)
             Began as an Octopode Gladiator on July 7, 2020.
             Slain by a sky beast (6 damage)
             ... on level 5 of the Dungeon.
             The game lasted 00:07:14 (4227 turns).

Ijustatesigmund the Chopper (Octopode Gladiator)    Turns: 4227, Time: 00:07:16

Health: -3/57      AC:  2    Str: 14    XL:     8   Next: 4%
Magic:  17/17      EV: 10    Int: 11    God:
Gold:   358        SH: 12    Dex: 14    Spells: 7/7 levels left

rFire    + . .     SeeInvis .   a - +3 war axe
rCold    . . .     Gourm    .   u - +0 tower shield
rNeg     . . .     Faith    .   b - +1 hat
rPois    .         Spirit   .   (no amulet)
rElec    .         Reflect  .   g - ring of magical power
rCorr    .         Harm     .   i - ring of protection from fire
MR       .....                  (no ring)
Stlth    ++........             (no ring)
HPRegen  0.19/turn              (no ring)
MPRegen  0.15/turn              (no ring)
                                (no ring)
                                (no ring)

@: no status effects
A: almost no armour, stealthy swim, amphibious, 8 rings, constrict 8, camouflage
1, gelatinous body 1
a: no special abilities


You were on level 5 of the Dungeon.
You were hungry.

You visited 1 branch of the dungeon, and saw 5 of its levels.

You collected 358 gold pieces.

Inventory:

Hand Weapons
 a - a +3 war axe (weapon)
 s - the +0 whip "Caenusakut" {vorpal, rElec}
   (You found it on level 4 of the Dungeon)

   It inflicts extra damage upon your enemies.
   It insulates you from electricity.
Missiles
 l - a throwing net
 m - 4 javelins (quivered)
Armour
 b - a +1 hat (worn)
 u - a +0 tower shield (worn)
Jewellery
 g - a ring of magical power (left tentacle)
 i - a ring of protection from fire (right tentacle)
 q - a cursed amulet of inaccuracy {unknown}
Wands
 h - a wand of polymorph (11)
Scrolls
 f - 2 scrolls of noise {unknown}
 j - a scroll of remove curse
 k - 2 scrolls of magic mapping
 t - a scroll of immolation {unknown}
 x - a scroll of identify
Potions
 c - 4 potions of lignification
 e - a potion of cancellation
 n - a potion of ambrosia
 o - 2 potions of curing
 p - a potion of stabbing {unknown}
 r - a potion of brilliance {unknown}
 v - 2 potions of invisibility {unknown}
 z - 2 potions of flight {unknown}
 A - a potion of haste {unknown}
Comestibles
 d - 9 rations


   Skills:
 - Level 6.0 Fighting
 - Level 6.4 Axes
 - Level 2.0 Throwing
 + Level 3.5 Dodging
 * Level 2.5 Shields


You had 7 spell levels left.
You didn't know any spells.
Your spell library contained the following spells:

 Spells                   Type           Power        Failure   Level  Hunger
 Animate Skeleton         Necr           N/A          100%        1    ##.....
 Magic Dart               Conj           #...         100%        1    ##.....
 Pain                     Necr           #...         100%        1    ##.....
 Searing Ray              Conj           #.....       100%        2    ###....
 Dazzling Flash           Conj/Hex       #.....       100%        3    ####...
 Vampiric Draining        Necr           #.........   100%        3    ####...
 Animate Dead             Necr           N/A          100%        4    #####..
 Fulminant Prism          Conj/Hex       #.........   100%        4    #####..
 Iskenderun's Mystic Bla  Conj/Tloc      #.......     100%        4    #####..
 Agony                    Necr           #.......     100%        5    ######.


Dungeon Overview and Level Annotations

Branches:
Dungeon (5/15)             Temple (0/1) D:4

Altars:
Dithmenos
Elyvilon
Yredelemnul

Annotations:
D:2 1 runed translucent door


Innate Abilities, Weirdness & Mutations

You cannot wear most types of armour.
You are very stealthy in the water. (Stealth+)
You are amphibious.
You can wear up to eight rings at the same time.
You can use your tentacles to constrict eight enemies at once.
Your skin changes colour to match your surroundings (Stealth+).
Your rubbery body absorbs attacks. (AC +1, EV +1)


Message History

No target in view!
No target in view!
No target in view!
No target in view!
Something hits you. Something shocks you.
You slash something! You squeeze something. Something completely misses you.
You miss something. Your squeeze misses something. Something hits you.
Something shocks you. Something hits you. Something shocks you.
You hit something. Something hits you. Something shocks you.
You miss something. Something hits you. Something shocks you.
You closely miss something. Something hits you. Something shocks you.
* * * LOW HITPOINT WARNING * * *
You miss something. Something hits you.
* * * LOW HITPOINT WARNING * * *
Something shocks you.
* * * LOW HITPOINT WARNING * * *
Something hits you.
* * * LOW HITPOINT WARNING * * *
Something shocks you.
You die...

..........###.##
#.#.......##.#
##.........##.#
..#.......##+##
#.##.....##...##
#.#......#.....##
###...##.#........##
#........#.........###
#...{@...+.........+..
......!†####.........###
###.##..............## #
#########.....## #
#####...## # #......## #
#.####.# # #.####.# #
#######.#....##### #


There were no monsters in sight!

Vanquished Creatures
  Grinder (D:3)
  An ogre (D:4)
  A phantom (D:4)
  A howler monkey (D:5)
  2 crimson imps (D:5)
  A hound (D:4)
  Ijyb (D:3)
  Terence (D:2)
  2 orc wizards (D:4)
  A killer bee zombie (D:5)
  A hound zombie (D:5)
  A hound skeleton (D:4)
  10 adders
  A shadow imp (D:5)
  An ooze (D:3)
  An adder zombie (D:5)
  An adder skeleton (D:5)
  3 worms (D:2)
  16 orcs
  A ball python (D:4)
  4 giant cockroaches
  10 goblins
  13 hobgoblins
  7 jackals (D:2)
  4 quokkas
  A ball python zombie (D:5)
  6 bats
  6 frilled lizards
  4 kobolds
  A rat (D:1)
104 creatures vanquished.

Notes
Turn   | Place    | Note
-------+----------+-------------------------------------------
     0 | D:1      | Ijustatesigmund the Octopode Gladiator began the quest for
                  | the Orb.
     0 | D:1      | Reached XP level 1. HP: 14/14 MP: 1/1
   394 | D:1      | Reached XP level 2. HP: 12/20 MP: 2/2
  1028 | D:2      | Noticed Terence
  1029 | D:2      | Found a runed translucent door.
  1029 | D:2      | Noticed a human
  1033 | D:2      | Killed Terence
  1033 | D:2      | Reached XP level 3. HP: 26/26 MP: 3/3
  1038 | D:2      | Found a basalt altar of Yredelemnul.
  1160 | D:2      | Reached XP level 4. HP: 31/31 MP: 4/4
  2060 | D:3      | Noticed Ijyb
  2063 | D:3      | Killed Ijyb
  2063 | D:3      | Reached XP level 5. HP: 37/37 MP: 5/5
  2180 | D:3      | Noticed Grinder
  2198 | D:3      | Paralysed by Grinder for 2 turns
  2202 | D:3      | Killed Grinder
  2202 | D:3      | Reached skill level 5 in Fighting
  2202 | D:3      | Reached skill level 5 in Axes
  2202 | D:3      | Reached XP level 6. HP: 38/45 MP: 6/6
  2697 | D:4      | Got a translucent whip
  2698 | D:4      | Identified the cursed +0 whip "Caenusakut" {vorpal, rElec}
                  | (You found it on level 4 of the Dungeon)
  2724 | D:4      | Found a staircase to the Ecumenical Temple.
  2736 | D:4      | Reached XP level 7. HP: 21/50 MP: 7/7
  3151 | D:4      | Found a shadowy altar of Dithmenos.
  3378 | D:5      | Entered Level 5 of the Dungeon
  3504 | D:5      | Reached skill level 1 in Shields
  4022 | D:5      | Reached XP level 8. HP: 53/57 MP: 8/8
  4115 | D:5      | Found a white marble altar of Elyvilon.
  4227 | D:5      | Slain by a sky beast

Illustrated notes

Levels and vault maps discovered:
D:1:      minmay_arrival_checkered_box, layout_rooms
D:2:      layout_loops_ring, chequers_serial_rivers_micro_e,
          dk_yredelemnul_ordeal, uniq_terence
D:3:      layout_rooms, uniq_ijyb, uniq_grinder
D:4:      layout_basic, grunt_dithmenos_shadows,
          minmay_temple_entry_statues_fountains, first_ration,
          chequers_serial_rivers_marsh
D:5:      layout_loops_corners, old_standard_altar

Skill      XL: |  1  2  3  4  5  6  7 |
---------------+----------------------+-----
Fighting       | 3 5 6 |  6.0
Axes           | 4 5 6 |  6.4
Shields        | 2 |  2.5
Throwing       | |  2.0
Dodging        | |  3.5

Action                   |  1- 3 |  4- 6 |  7- 9 || total
-------------------------+-------+-------+-------++-------
Melee: War axe           |    45 |    86 |    83 ||   214
       Constrict         |    12 |    21 |    16 ||    49
       Tentacles         |    11 |    19 |    12 ||    42
Throw: Throwing net      |     2 |     3 |       ||     5
       Javelin           |       |     4 |     4 ||     8
Evoke: Wand              |       |     2 |       ||     2
  Use: Scroll            |     7 |     7 |     2 ||    16
       Potion            |       |       |     1 ||     1
 Stab: Sleeping          |     5 |     7 |     3 ||    15
  Eat: Chunk             |     1 |     5 |     4 ||    10
Armor: Skin              |     1 |     7 |     4 ||    12
Dodge: Dodged            |    33 |    48 |    38 ||   119
Block: Tower shield      |       |       |    21 ||    21
